Map: King Sejong Station LE

Players

Veriox

  • Race: Zerg Zerg
  • League: Platinum

Tenonee - Winner!

  • Race: Terran Terran

VOD

Have the link to the VOD?

Description

Time

  • Played on: July 23, 2016, 5:39 a.m.
  • Length: 15:29
Show
View Real Time Build Order
Export as new Build Order

Veriox Zerg 

Build Orders: Hatch First 

Get SALT Encoding   

  12  0:01  Drone  
  13  0:12  Overlord  
  13  0:16  Drone  
  14  0:31  Drone x2  
  16  0:38  Drone  
  17  0:55  Hatchery  
  17  0:56  Drone  
  17  0:59  Drone  
  17  1:04  Extractor  
  17  1:11  Drone  
  18  1:20  Spawning Pool  
  18  1:23  Drone  
  18  1:31  Drone  
  19  1:40  Overlord  
  19  1:51  Drone  
  20  2:06  Queen  
  20  2:07  Queen  
  24  2:08  Zergling x2  
  24  2:09  Zergling x2  
  24  2:15  Metabolic Boost  
  26  2:22  Drone  
  27  2:24  Drone x2  
  29  2:33  Drone x2  
  31  2:42  Drone  
  32  2:51  Drone x2  
  34  2:56  Queen  
  36  3:18  Overlord x4  
  36  3:19  Hatchery  
  35  3:37  Drone x3  
  35  3:38  Drone x4  
  42  3:48  Drone  
  43  3:52  Drone  
  43  3:54  Extractor  
  43  3:57  Extractor  
  42  4:10  Roach Warren  
  42  4:16  Lair  
  41  4:17  Drone  
  41  4:18  Drone x5  
  47  4:24  Evolution Chamber  
  47  4:25  Evolution Chamber  
  47  4:28  Zergling x4  
  47  4:35  Zergling x4  
  49  4:41  Zergling x4  
  49  4:42  Zergling x2  
  52  4:58  Zerg Missile Weapons Level 1, Zerg Ground Armor Level 1  
  52  5:04  Queen  
  54  5:31  Queen  
  56  5:51  Roach x7  
  56  5:52  Roach x2  
  74  6:01  Overlord x3  
  74  6:02  Overlord x3  
  74  6:23  Roach x6  
  74  6:24  Glial Reconstitution, Roach x3  
  92  6:43  Drone x4  
  92  6:44  Drone x3, Queen  
  90  7:23  Zergling x6  
  90  7:24  Zergling x4  
  95  7:41  Zergling x10  
  95  7:42  Zergling x2  
  100  7:45  Queen  
  96  7:58  Drone x4  
  96  7:59  Drone x2  
  101  8:06  Hatchery x2  
  98  8:19  Drone x2  
  101  8:20  Drone x3  
  101  8:22  Ravager  
  101  8:23  Ravager x7  
  111  8:36  Roach x5  
  121  8:43  Spore Crawler  
  120  8:56  Zerg Missile Weapons Level 2  
  120  8:57  Zerg Ground Armor Level 2  
  87  9:31  Roach x6  
  87  9:32  Roach x12  
  121  9:41  Extractor  
  117  10:03  Hatchery  
  111  10:48  Zergling x4  
  111  10:49  Zergling x36  
  134  10:50  Zergling x6  
  85  11:22  Hatchery  
  85  11:24  Roach x2  
  85  11:25  Roach x14  
  111  11:41  Extractor  
  111  11:42  Extractor  
  94  11:54  Zergling x8  
  94  11:55  Zergling x10  
  94  11:59  Queen  
  98  12:10  Hydralisk Den  
  98  12:12  Infestation Pit  
  70  12:29  Zergling x2  
  71  12:30  Zergling x34  
  86  12:41  Drone  
  86  12:42  Drone x6  
  93  13:04  Hydralisk x4  
  93  13:05  Hydralisk x7  
  91  13:39  Hydralisk x6  
  103  13:41  Zergling x2  
  103  13:42  Zergling x40  
  103  13:43  Zergling x2  
  125  14:00  Roach x2  
  125  14:01  Roach x3  
  133  14:11  Hydralisk  
  133  14:12  Hydralisk  
  133  14:13  Hydralisk  
  133  14:15  Overlord x5  
  133  14:16  Overlord x3  
  129  14:41  Zergling x12  
  129  14:42  Zergling x8  
  117  14:52  Zergling x18  
Show
View Real Time Build Order
Export as new Build Order

Tenonee Terran - Winner!

Build Orders: Reaper Expand 

Get SALT Encoding   

  12  0:01  SCV  
  13  0:13  SCV  
  14  0:20  Supply Depot  
  14  0:25  SCV  
  15  0:42  SCV  
  16  0:43  Barracks  
  16  0:46  Refinery  
  16  0:54  SCV  
  17  1:06  SCV  
  18  1:18  SCV  
  19  1:29  Command Center  
  19  1:35  Reaper  
  20  1:43  Orbital Command  
  20  1:51  Supply Depot  
  20  2:08  Marine  
  20  2:11  SCV  
  22  2:18  Factory  
  22  2:23  SCV  
  23  2:34  Marine  
  23  2:35  SCV  
  23  2:36  Supply Depot  
  26  2:46  Orbital Command  
  25  2:52  SCV  
  25  2:57  Marine  
  27  3:03  Factory Reactor, Starport  
  27  3:04  SCV  
  28  3:07  Refinery  
  27  3:16  SCV  
  27  3:19  Bunker  
  29  3:20  SCV  
  29  3:23  Barracks Tech Lab  
  29  3:28  SCV  
  29  3:32  SCV  
  31  3:34  Barracks  
  31  3:40  SCV  
  32  3:44  SCV  
  32  3:48  Factory Tech Lab, Marine  
  34  3:53  SCV  
  35  3:56  SCV, Refinery  
  35  3:57  Medivac  
  38  4:05  SCV  
  38  4:08  SCV  
  40  4:11  Stimpack  
  40  4:17  SCV  
  40  4:20  SCV  
  40  4:21  Supply Depot  
  40  4:23  Command Center  
  42  4:29  SCV  
  43  4:32  SCV  
  44  4:41  Barracks Reactor, SCV  
  44  4:42  Siege Tank  
  44  4:44  SCV  
  49  4:46  Liberator  
  49  4:49  Refinery  
  49  4:50  Supply Depot  
  49  4:53  SCV  
  49  4:56  Supply Depot, SCV  
  49  4:58  Marine  
  52  5:03  Medivac  
  52  5:05  SCV  
  58  5:10  SCV  
  59  5:17  SCV  
  59  5:21  Marine x3  
  60  5:22  SCV  
  64  5:29  SCV  
  64  5:30  Siege Tank  
  64  5:34  SCV  
  69  5:38  Orbital Command  
  69  5:39  Engineering Bay x2, Marine  
  69  5:41  SCV  
  71  5:46  SCV  
  72  5:51  Liberator  
  72  5:54  SCV  
  73  5:58  SCV  
  73  6:00  Marine x3  
  77  6:06  SCV  
  77  6:08  Medivac, Siege Tank  
  77  6:09  Terran Infantry Weapons Level 1  
  86  6:13  Supply Depot x2  
  86  6:14  Orbital Command  
  86  6:16  Armory  
  86  6:17  Marine  
  86  6:18  Marine x2  
  89  6:28  Barracks  
  89  6:29  Barracks  
  89  6:35  Marine x2  
  89  6:36  Marauder  
  93  6:48  Siege Tank  
  93  6:49  Medivac  
  93  6:53  Terran Infantry Armor Level 1, Marine x2  
  100  6:57  Marauder, Supply Depot, SCV x2  
  100  6:58  Supply Depot  
  100  7:00  SCV  
  97  7:09  SCV  
  97  7:10  SCV  
  95  7:18  Marine  
  95  7:19  Marauder  
  98  7:34  Marine  
  98  7:35  Barracks Reactor  
  100  7:39  Liberator x2  
  100  7:40  Marauder  
  100  7:43  Marine  
  100  7:46  Barracks Tech Lab  
  100  7:50  Ghost Academy  
  96  7:51  Marine  
  96  7:54  Barracks  
  96  7:56  Barracks  
  100  8:01  Marine  
  100  8:02  Marauder  
  100  8:04  SCV x3  
  106  8:09  Marine  
  104  8:14  Marine  
  104  8:15  Marine x2  
  104  8:16  SCV x2  
  104  8:17  SCV  
  104  8:18  Marine  
  111  8:23  Marauder  
  113  8:27  Marine  
  113  8:32  Marine x2  
  113  8:33  Marauder  
  116  8:36  Marine, Terran Infantry Weapons Level 2  
  116  8:40  Supply Depot, SCV  
  116  8:41  Supply Depot, SCV  
  119  8:44  Marauder  
  119  8:45  SCV, Marine, Refinery  
  119  8:46  Refinery  
  123  8:50  Marine x2  
  123  8:52  Barracks Tech Lab  
  123  8:53  Barracks Tech Lab  
  123  8:54  Terran Infantry Armor Level 2  
  125  9:01  Marine, SCV x2  
  127  9:11  Command Center  
  79  9:17  Liberator x2  
  106  9:21  Marine  
  106  9:22  Marauder  
  106  9:30  Marine x6  
  109  9:33  Siege Tank  
  118  9:39  Marine  
  118  9:40  Terran Ship Weapons Level 1  
  118  9:43  Marine  
  120  9:46  Barracks  
  120  9:48  Marine x6  
  120  9:49  Barracks, SCV  
  120  9:50  Command Center  
  127  9:57  Marine  
  127  10:01  Marine  
  127  10:05  Liberator  
  127  10:06  Marine x4, Marauder x2  
  139  10:07  Siege Tank  
  139  10:15  Marine  
  140  10:22  Marauder  
  140  10:23  Marine  
  140  10:24  Marine x2  
  140  10:25  Supply Depot  
  140  10:26  Supply Depot  
  133  10:38  Marine x3, Marauder  
  133  10:40  Medivac, Siege Tank  
  133  10:41  Marine x3  
  146  10:42  Marine  
  146  10:44  Supply Depot  
  146  10:45  Barracks Tech Lab, Supply Depot  
  146  10:48  Liberator  
  147  10:53  Barracks Tech Lab  
  147  10:55  Marine x2  
  147  10:56  Marine  
  150  10:59  Marine  
  140  11:09  Marine, Marauder  
  136  11:20  Orbital Command  
  136  11:21  Marine x3  
  136  11:22  Marauder  
  141  11:31  Liberator, Marine x2, Marauder  
  145  11:39  Marine  
  148  11:40  Marine x3, Marauder  
  148  11:41  Siege Tank  
  148  11:42  Medivac  
  148  11:43  Terran Infantry Weapons Level 3, Marine, Terran Infantry Armor Level 3  
  148  11:45  Terran Ship Weapons Level 2  
  157  11:49  Marine x2  
  157  11:52  Marine  
  160  12:00  Marine x4, Marauder  
  160  12:01  Marine  
  162  12:06  Marine  
  162  12:07  Marine  
  163  12:11  Marauder  
  150  12:18  Marine x4  
  149  12:26  Marine x2  
  149  12:27  Marine, Marauder  
  152  12:31  Marine  
  152  12:35  Marine x2  
  155  12:42  Orbital Command  
  155  12:43  Marine, Marauder  
  158  12:44  Marine x3  
  158  12:47  Marine  
  158  12:49  Marine  
  163  12:53  Marine  
  164  13:01  Marine x2  
  164  13:02  Marine x2  
  164  13:03  Marauder  
  164  13:04  Marine  
  171  13:05  Marine  
  172  13:22  Marine x6, Marauder  
  172  13:23  Marine x2  
  176  13:39  Marine  
  176  13:40  Marine x5  
  176  13:41  Marine x2  
  184  13:54  Marauder  
  186  13:57  Marine  
  186  13:58  Marine  
  188  14:07  Refinery  
  188  14:09  Refinery  
  188  14:14  Marine x2  
  188  14:15  Marine, Marauder  
  192  14:30  Marine  
  192  14:31  Marauder  
  161  14:54  Marine, Marauder x2  
  161  14:55  Marine x5, Marauder  
  161  14:56  Siege Tank  
  161  14:57  Medivac x2  
  162  15:14  Starport  
Tags
 
Add a new tag
Caveats
  • Supply blocks, unpowered buildings, or Contaminate may cause inaccurate times.
  • Supply counts are checked every 10 seconds.